Map: Proxima Station LE

Players

DnS

  • Race: Protoss Protoss
  • Spawn Location: 1:00

Elazer - Winner!

  • Race: Zerg Zerg
  • League: Master
  • Spawn Location: 7:00

Event: HomeStory Cup XV

VOD

Have the link to the VOD?

Description

Time

  • Played on: July 22, 2017, 12:36 p.m.
  • Length: 15:14

All games in this series

Show
View Real Time Build Order
Export as new Build Order

DnS Protoss 

Build Orders: Nexus First, Zealot Archon 

Get SALT Encoding   

  12  0:00  Probe (Chrono Boost)  
  13  0:11  Probe (Chrono Boost)  
  14  0:17  Pylon  
  14  0:22  Probe (Chrono Boost)  
  15  0:35  Probe (Chrono Boost)  
  16  0:46  Probe (Chrono Boost)  
  17  0:58  Nexus  
  17  1:07  Gateway  
  18  1:11  Probe (Chrono Boost)  
  18  1:16  Assimilator  
  18  1:22  Probe (Chrono Boost)  
  18  1:24  Assimilator  
  19  1:32  Probe (Chrono Boost)  
  20  1:38  Gateway  
  20  1:43  Probe (Chrono Boost)  
  21  1:53  Probe (Chrono Boost)  
  22  1:56  Cybernetics Core  
  22  2:04  Probe (Chrono Boost)  
  23  2:11  Probe (Chrono Boost)  
  23  2:14  Probe (Chrono Boost)  
  25  2:22  Probe (Chrono Boost)  
  26  2:25  Probe (Chrono Boost)  
  27  2:32  Probe, Adept x2 (Chrono Boost)  
  27  2:33  Warp Gate  
  27  2:36  Probe  
  33  2:39  Pylon  
  33  2:44  Probe (Chrono Boost)  
  33  2:48  Probe (Chrono Boost)  
  35  2:55  Probe (Chrono Boost)  
  35  2:56  Stalker (Chrono Boost)  
  38  2:59  Probe  
  38  3:04  Twilight Council  
  38  3:05  Probe  
  39  3:11  Probe  
  41  3:15  Probe  
  41  3:17  Robotics Facility  
  42  3:23  Probe  
  43  3:28  Probe (Chrono Boost)  
  43  3:30  Pylon  
  42  3:35  Probe (Chrono Boost)  
  42  3:37  Zealot (Chrono Boost)  
  42  3:38  Charge (Chrono Boost)  
  42  3:40  Probe (Chrono Boost)  
  43  3:45  Gateway  
  43  3:48  Gateway  
  44  3:49  Probe  
  44  3:50  Probe  
  46  3:58  Templar Archives  
  46  3:59  Assimilator  
  46  4:06  Pylon  
  46  4:07  Warp Prism (Chrono Boost)  
  44  4:14  Mothership Core  
  44  4:16  Assimilator  
  48  4:19  Probe  
  49  4:28  Pylon  
  49  4:31  Probe  
  50  4:36  Probe  
  50  4:38  Zealot  
  53  4:39  Psionic Storm  
  53  4:42  Pylon  
  53  4:43  Probe  
  54  4:47  Zealot x3  
  54  4:50  Probe  
  61  4:55  Probe  
  61  4:59  Warp Prism (Chrono Boost)  
  64  5:03  Pylon  
  64  5:13  High Templar x2  
  68  5:15  Nexus  
  68  5:21  Probe x2  
  68  5:26  Pylon  
  70  5:33  Probe  
  69  5:36  Probe  
  69  5:41  Forge  
  68  5:42  High Templar  
  68  5:43  High Templar  
  68  5:45  Probe  
  68  5:46  Blink (Chrono Boost)  
  68  5:48  Probe  
  74  5:50  Pylon  
  74  5:57  Probe  
  74  6:00  Pylon, Probe  
  76  6:04  Pylon  
  76  6:05  Gateway  
  76  6:06  Gateway, Protoss Ground Weapons Level 1 (Chrono Boost), High Templar  
  76  6:10  Probe  
  79  6:12  Probe  
  80  6:22  Probe  
  81  6:34  Probe  
  81  6:36  Immortal (Chrono Boost)  
  81  6:37  Probe  
  81  6:38  Probe  
  88  6:40  Zealot x4  
  88  6:44  Assimilator  
  88  6:46  Probe  
  97  6:50  Probe  
  97  6:51  Probe  
  97  6:53  Assimilator  
  99  6:57  Photon Cannon  
  99  7:00  Photon Cannon  
  99  7:04  High Templar  
  99  7:05  High Templar  
  103  7:08  Immortal (Chrono Boost)  
  103  7:09  Photon Cannon  
  103  7:10  Probe x2, Pylon  
  103  7:12  Probe  
  110  7:20  Gateway  
  110  7:21  Gateway  
  110  7:23  High Templar x2  
  114  7:31  Archon  
  114  7:33  Archon  
  114  7:40  Stalker x4  
  122  7:45  Photon Cannon  
  122  7:47  Pylon  
  122  7:48  Immortal  
  122  7:57  Pylon  
  126  7:59  Pylon  
  126  8:01  Stalker  
  126  8:05  Protoss Ground Weapons Level 2  
  128  8:11  Stalker x3  
  128  8:12  Stalker x2  
  133  8:20  Stalker x2  
  133  8:23  Photon Cannon  
  133  8:26  Immortal  
  137  8:29  Pylon  
  137  8:30  Pylon  
  137  8:33  Pylon  
  141  8:46  Stalker  
  141  8:47  Pylon, Stalker x2  
  147  8:56  Nexus  
  147  8:58  Pylon, High Templar  
  147  8:59  High Templar  
  147  9:02  Immortal  
  151  9:03  Archon  
  151  9:05  Probe  
  151  9:06  Probe  
  157  9:21  Zealot x3  
  157  9:22  Zealot x3  
  141  9:48  Zealot x4  
  136  9:57  Pylon  
  136  9:59  Immortal  
  124  10:01  Pylon  
  126  10:09  Stalker x4  
  126  10:12  High Templar x2  
  138  10:14  Nexus  
  138  10:16  Archon  
  138  10:17  Pylon  
  137  10:27  High Templar x2  
  138  10:31  Archon  
  132  10:40  High Templar x4  
  136  10:43  Photon Cannon  
  136  10:44  Photon Cannon, Archon  
  136  10:46  Photon Cannon, Immortal, Pylon  
  132  10:53  Stalker x2  
  137  11:02  Probe x3  
  140  11:07  Zealot x2  
  118  11:18  High Templar x2  
  118  11:20  Zealot x3  
  118  11:23  Archon  
  118  11:37  High Templar x2  
  122  11:41  Probe, Archon  
  122  11:42  Probe x3  
  122  11:43  Immortal  
  124  11:53  Zealot x4  
  136  11:56  Probe x3  
  139  12:01  High Templar  
  139  12:02  High Templar  
  139  12:05  Archon  
  143  12:13  Probe  
  143  12:14  Probe  
  143  12:15  Probe x2  
  147  12:17  Assimilator  
  147  12:18  Immortal  
  147  12:28  Zealot x3  
  141  12:35  Zealot  
  141  12:36  Zealot x2  
  115  12:54  Archon  
  96  13:03  High Templar x4  
  96  13:04  Zealot x3  
  108  13:15  Probe x3  
  108  13:16  Observer  
  112  13:24  Gateway  
  112  13:31  Probe  
  112  13:32  Probe x3, Warp Prism  
  112  13:34  High Templar x2  
  118  13:36  High Templar x2  
  118  13:37  Zealot x3  
  118  13:38  Archon  
  118  13:40  Archon  
  132  13:41  Probe  
  132  13:44  Probe x2  
  124  14:02  Archon x2  
  112  14:04  Zealot x2  
  99  14:19  Pylon  
  99  14:20  Dark Shrine  
  99  14:25  High Templar x2  
  99  14:26  High Templar x2  
  64  15:00  Zealot x3  
Show
View Real Time Build Order
Export as new Build Order

Elazer Zerg - Winner!

Build Orders: Hatch First, Muta Ling Bane 

Get SALT Encoding   

  12  0:00  Drone  
  13  0:12  Overlord  
  13  0:16  Drone  
  14  0:30  Drone x2  
  14  0:34  Drone  
  17  0:51  Hatchery  
  17  0:54  Drone  
  17  0:58  Drone  
  18  1:08  Extractor  
  17  1:12  Spawning Pool  
  17  1:16  Drone  
  17  1:19  Drone  
  18  1:28  Drone  
  19  1:38  Overlord  
  19  1:50  Drone  
  20  1:59  Queen  
  20  2:01  Zergling x2  
  23  2:04  Queen  
  23  2:05  Drone  
  23  2:07  Metabolic Boost  
  26  2:11  Drone  
  26  2:14  Drone  
  28  2:22  Drone  
  29  2:25  Drone  
  30  2:32  Drone  
  30  2:35  Drone  
  32  2:43  Hatchery  
  31  2:46  Pneumatized Carapace  
  31  2:49  Zergling x2  
  32  2:53  Overlord  
  32  2:56  Zergling x2  
  33  2:59  Zergling x2  
  34  3:07  Drone  
  34  3:08  Drone  
  34  3:12  Drone x2  
  38  3:14  Queen  
  38  3:16  Drone  
  41  3:24  Overlord  
  41  3:25  Drone  
  41  3:29  Drone  
  41  3:31  Drone  
  43  3:37  Drone  
  44  3:42  Queen  
  44  3:45  Drone x4  
  44  3:46  Drone  
  52  3:48  Drone  
  52  3:56  Drone  
  52  3:57  Extractor, Drone  
  52  3:58  Roach Warren  
  52  4:01  Overlord  
  51  4:03  Drone  
  51  4:06  Drone  
  51  4:09  Drone x3  
  55  4:11  Drone  
  55  4:16  Drone  
  57  4:17  Overlord  
  57  4:21  Drone  
  58  4:29  Overlord  
  58  4:30  Extractor, Drone x2  
  59  4:34  Lair  
  59  4:36  Drone x2  
  61  4:39  Roach x3  
  61  4:40  Evolution Chamber  
  61  4:42  Roach x2  
  61  4:45  Roach  
  72  4:52  Overlord  
  72  4:53  Roach x2  
  72  4:54  Roach  
  72  4:57  Drone x3  
  81  5:03  Overlord  
  81  5:09  Overlord, Zerg Missile Weapons Level 1  
  81  5:11  Drone x5  
  86  5:15  Extractor, Drone  
  86  5:16  Extractor  
  86  5:17  Drone  
  86  5:22  Overlord  
  86  5:25  Drone x2  
  88  5:34  Overlord  
  88  5:39  Roach x5  
  88  5:40  Spire  
  96  5:44  Extractor  
  96  5:45  Drone x3  
  98  5:52  Overlord  
  98  5:54  Glial Reconstitution, Drone  
  98  5:56  Roach x4  
  107  5:58  Drone x2  
  107  6:01  Overlord x2  
  110  6:04  Drone x2  
  111  6:12  Roach x2  
  115  6:19  Overlord  
  105  6:34  Drone x7  
  105  6:35  Drone x3  
  115  6:42  Overlord  
  115  6:44  Hatchery  
  109  6:50  Drone x2  
  109  6:51  Drone x3  
  109  6:53  Mutalisk  
  116  6:55  Zerg Flyer Weapons Level 1  
  116  6:56  Mutalisk x2  
  116  6:59  Mutalisk x2  
  124  7:02  Mutalisk  
  124  7:06  Zerg Missile Weapons Level 2  
  126  7:10  Drone, Hydralisk Den  
  126  7:11  Mutalisk  
  128  7:16  Mutalisk  
  130  7:24  Drone x7  
  130  7:25  Drone x2  
  139  7:31  Baneling Nest, Drone x3  
  139  7:32  Drone x2  
  139  7:35  Overlord  
  143  7:45  Hydralisk x3  
  143  7:46  Muscular Augments  
  149  7:55  Mutalisk x3  
  155  8:02  Drone x2  
  155  8:03  Spore Crawler  
  156  8:09  Overlord  
  156  8:10  Hydralisk x5  
  166  8:18  Zergling x10  
  166  8:19  Centrifical Hooks  
  171  8:25  Hatchery, Zergling x8  
  171  8:26  Overlord x2  
  174  8:37  Overlord  
  174  8:40  Extractor  
  169  8:50  Hydralisk x7  
  181  8:58  Hydralisk  
  183  9:03  Zergling x2  
  183  9:04  Zergling x14  
  191  9:10  Hatchery  
  191  9:13  Hydralisk x4  
  196  9:22  Zerg Melee Weapons Level 1  
  194  9:28  Hydralisk x2  
  194  9:29  Hydralisk x2  
  194  9:31  Zergling x14  
  194  9:36  Hydralisk x4  
  192  9:38  Hydralisk  
  192  9:39  Zergling x6  
  192  9:40  Zergling x2  
  192  9:43  Hydralisk  
  181  9:47  Hydralisk  
  181  9:52  Hydralisk x5  
  162  9:59  Zergling x2  
  165  10:01  Hydralisk  
  165  10:02  Hydralisk x3  
  165  10:09  Zergling x2  
  165  10:10  Zergling x8  
  165  10:11  Baneling  
  165  10:13  Baneling x8  
  170  10:15  Zergling x8  
  170  10:18  Zergling x14  
  181  10:22  Baneling  
  181  10:25  Zergling x8  
  178  10:35  Zergling x2  
  178  10:36  Zergling x16  
  178  10:38  Baneling x13  
  178  10:39  Baneling x4  
  178  10:42  Zergling x4  
  179  10:50  Zergling x12  
  179  10:52  Baneling  
  179  10:53  Baneling x10  
  179  10:56  Zergling x20  
  195  10:57  Overlord  
  191  11:09  Zergling x10  
  174  11:17  Hydralisk x8  
  164  11:21  Zergling x16  
  164  11:22  Zergling x2  
  164  11:24  Zerg Melee Weapons Level 2  
  171  11:32  Hydralisk x4  
  173  11:33  Zergling x2  
  173  11:38  Overlord  
  176  11:51  Hydralisk  
  176  11:52  Hydralisk x5  
  188  11:54  Zergling x18  
  188  11:55  Zergling x6  
  200  12:05  Baneling  
  200  12:06  Baneling x11  
  200  12:15  Baneling x7  
  182  12:34  Hydralisk x7  
  175  12:46  Hydralisk  
  175  12:47  Hydralisk x4  
  175  12:48  Zergling x2  
  175  12:49  Zergling x2  
  173  12:52  Hydralisk  
  173  12:53  Hydralisk  
  173  12:58  Hydralisk x2  
  150  12:59  Zergling x34  
  150  13:00  Zergling x2  
  158  13:09  Overlord x3  
  158  13:10  Hydralisk x2  
  162  13:15  Zergling x8  
  164  13:22  Zergling x12  
  170  13:32  Baneling x9  
  170  13:33  Baneling x8  
  170  13:34  Zergling x10  
  170  13:35  Zergling x8  
  179  13:42  Overlord  
  179  13:46  Hydralisk  
  178  13:49  Zergling x2  
  178  13:50  Zergling x4  
  178  13:53  Hatchery  
  170  13:58  Zergling x14  
  157  14:03  Hydralisk x3  
  157  14:05  Zergling x2  
  157  14:06  Zergling x2  
  157  14:09  Zergling x4  
  156  14:11  Baneling  
  156  14:12  Baneling x5  
  156  14:18  Hydralisk x2  
  156  14:22  Hydralisk x3  
  161  14:29  Hydralisk  
  161  14:30  Hydralisk  
  163  14:31  Hydralisk  
  163  14:35  Hydralisk x2  
  167  14:44  Zergling x12  
  147  14:46  Zergling x2  
  147  14:51  Zergling x2  
Tags
 
Add a new tag
Caveats
  • Supply blocks, unpowered buildings, or Contaminate may cause inaccurate times.
  • Supply counts are checked every 10 seconds.